 Dungeon Crawl Stone Soup version 0.30-a0-23-ge60ba3568b (webtiles) character file.

Game seed: 16729837406653497997

1743 xian the Conjurer (level 8, -1/63 HPs)
             Began as a Grey Draconian Conjurer on Aug 24, 2022.
             Was an Initiate of Nemelex Xobeh.
             Shot with an arrow by a centaur (8 damage)
             ... on level 7 of the Dungeon.
             The game lasted 00:18:14 (7363 turns).

xian the Conjurer (Grey Draconian Conjurer)         Turns: 7363, Time: 00:18:15

Health: -1/63      AC: 16    Str:  9    XL:     8   Next: 77%
Magic:  11/16      EV: 13    Int: 21    God:    Nemelex Xobeh [......]
Gold:   225        SH:  0    Dex: 10    Spells: 10/18 levels left

rFire   . . .      SeeInvis .    i - +2 short sword (distort)
rCold   . . .      Faith    .    (no shield)
rNeg    . . .      Spirit   .    (body armour unavailable)
rPois   .          Reflect  .    (helmet restricted)
rElec   .          Harm     .    (no cloak)
rCorr   .          Rampage  .    C - +0 pair of gloves
Will    .....                    (no boots)
Stlth   ++........               (no amulet)
HPRegen 0.20/turn                d - +4 ring of protection
MPRegen 0.15/turn                (no ring)

@: no status effects
A: AC +11, amphibious, unfitting armour, cold-blooded
a: Renounce Religion, Draw Escape, Draw Destruction, Draw Summoning


You were on level 7 of the Dungeon.
You worshipped Nemelex Xobeh.
Nemelex Xobeh was noncommittal.
You visited 1 branch of the dungeon, and saw 7 of its levels.
You also visited: Sewer.

You collected 295 gold pieces.
You spent 70 gold pieces at shops.

Inventory:

Hand Weapons
 i - a +2 short sword of distortion (weapon)
 t - a +4 hand axe of holy wrath
Armour
 C - a +0 pair of gloves (worn)
Jewellery
 d - a +4 ring of protection (left hand)
 A - a ring of wizardry
Wands
 x - a wand of paralysis (13)
Scrolls
 b - a scroll of poison
 e - 2 scrolls of amnesia
 k - 2 scrolls of magic mapping
 n - a scroll of silence
 q - a scroll of blinking
 w - a scroll of fear
 y - 2 scrolls of immolation {unknown}
Potions
 a - 2 potions of flight
 c - 3 potions of haste {unknown}
 f - a potion of attraction {unknown}
 g - a potion of lignification {unknown}
 h - 3 potions of curing
 j - a potion of resistance {unknown}
 l - a potion of invisibility {unknown}
 m - 2 potions of might
 o - 4 potions of berserk rage
 p - a potion of degeneration {unknown}
 r - a potion of heal wounds
 s - a potion of experience {unknown}
 u - a potion of magic
 B - 2 potions of mutation {unknown}


   Skills:
 + Level 3.3 Fighting
 + Level 3.8 Short Blades
 + Level 4.4 Dodging
 + Level 4.2 Stealth
 + Level 5.6 Spellcasting
 + Level 6.7 Conjurations


You had 10 spell levels left.
You knew the following spells:

 Your Spells              Type           Power      Damage    Failure   Level
a - Magic Dart            Conj           100%       1d8       1%          1
b - Searing Ray           Conj           68%        2d6       1%          2
c - Iskenderun's Mystic   Conj/Tloc      20%        2d6       26%         4
d - Slow                  Hex            20%        N/A       11%         1

Your spell library contained the following spells:

 Spells                   Type           Power      Damage    Failure   Level
 Dazzling Flash           Conj/Hex       40%        N/A       8%          3
 Sting                    Tmut/Pois      20%        1d4       11%         1
 Poisonous Vapours        Pois/Air       10%        N/A       16%         2
 Fulminant Prism          Conj/Hex       10%        3d9       26%         4
 Confusing Touch          Hex            5%         N/A       30%         3
 Vampiric Draining        Necr           5%         2d6       30%         3
 Olgreb's Toxic Radiance  Pois           5%         N/A       71%         4


Dungeon Overview and Level Annotations

Branches:
Dungeon (7/15)              Sewer (visited)
 Temple: D:4-7

Altars:
Gozag
Hepliaklqana
Nemelex Xobeh
Ru
Sif Muna
Yredelemnul

Shops:
D:3 !


Innate Abilities, Weirdness & Mutations

Your dull iron-grey scales are very hard. (AC +11)
You are amphibious.
You cannot fit into any form of body armour.
You are cold-blooded and may be slowed by cold attacks.


Message History

Casting: Searing Ray (safe; 1% risk of failure)
Confirm with . or Enter, or press ? or * to list all spells.
Aiming: Searing Ray (safe; 1% risk of failure)
Press: ? - help, Shift-Dir - straight line, f - orc warrior
Aim: an orc warrior, wielding a +0 glaive and wearing a +0 plate armour (lightly wounded, 81% to hit)
The searing ray misses the orc warrior.
The searing ray hits the bullfrog!
The bullfrog is heavily wounded. (Press . to maintain the ray.)
Your surroundings suddenly seem different.
Found a scroll labelled JUALIB EFONK, a leather armour and a pink potion.
y - 2 scrolls labelled JUALIB EFONK (gained 1)
You see here a +0 leather armour.
B - 2 pink potions (gained 1)
An orc warrior is nearby!
You see here a +0 leather armour.
An orc warrior is nearby!
You are too injured to fight recklessly!
Aiming: Magic Dart (safe; 1% risk of failure)
Press: ? - help, Q - select action, (/) - cycle Shift-Dir - straight line, f/p - orc warrior
Aim: an orc warrior, wielding a +0 glaive and wearing a +0 plate armour (lightly wounded, 100% to hit)
The magic dart hits the orc warrior but does no damage.
The orc warrior is lightly wounded.
A centaur comes into view.
The centaur shouts!
The centaur wields a +0 shortbow.
The centaur shoots an arrow.
The arrow hits you.
* * * LOW HITPOINT WARNING * * *
The centaur shoots an arrow.
The arrow hits you.
* * * LOW HITPOINT WARNING * * *
A centaur comes into view.
The centaur shouts!
The centaur shoots an arrow.
The arrow closely misses you.
The centaur wields a +0 shortbow.
The centaur shoots an arrow.
The arrow barely misses you.
Blink to where?
Press: ? - help, Dir - move target
As you read the scroll of blinking, it crumbles to dust.
The centaur shoots an arrow.
The arrow hits you!
You die...
Your body disappears without a glow.

### ###............
##.####.#..c....#
#......o.....#ยง##
# #..####.#.##.#.#
#. #..# ##.#.##.#.#
#. #..##.#.#.##.#.#
#..#..#.#..#.##.#.#
#..#...#
#.#.##.#.######
#...o.##
##.....@.......
#.##.#.#
#.#.##.######## #
#.##.# #. #.# #.#
#. #.###.### #.
#........ ..
#[###.### ##
#.###.# #.....#


You could see a centaur.

Vanquished Creatures
  Grinder (D:3)
  Sigmund (D:6)
  2 water moccasins (D:5)
  An ogre (D:5)
  A phantom (D:5)
  A kobold brigand (Sewer)
  A bullfrog (D:6)
  4 scorpions
  2 orc priests (D:7)
  3 hounds
  A gnoll bouda (D:6)
  4 orc wizards (D:4)
  7 gnolls
  6 adders
  2 river rats (D:3)
  A shadow imp (D:5)
  A white imp (D:5)
  2 ufetubi
  2 worms (D:3)
  2 dart slugs (D:1)
  23 orcs
  5 endoplasms
  A giant cockroach (D:4)
  7 goblins
  5 hobgoblins
  6 jackals
  2 quokkas
  6 ball pythons
  5 bats
  10 frilled lizards
  9 kobolds
  10 rats
134 creatures vanquished.

Notes
Turn   | Place    | Note
-------+----------+-------------------------------------------
     0 | D:1      | xian the Draconian Conjurer began the quest for the Orb.
     0 | D:1      | Reached XP level 1. HP: 14/14 MP: 3/3
   279 | D:1      | Reached XP level 2. HP: 20/20 MP: 1/5
   658 | D:1      | Learned a level 2 spell: Searing Ray
  1080 | D:1      | Reached XP level 3. HP: 26/26 MP: 2/6
  1972 | D:2      | Found a faded altar of an unknown god.
  2621 | D:3      | Found Fauwkoloith's Distillery.
  2644 | D:3      | Bought a potion of heal wounds for 70 gold pieces
  2727 | D:3      | Noticed Grinder
  2749 | D:3      | Reached XP level 4. HP: 32/33 MP: 0/8
  2809 | D:3      | Killed Grinder
  2810 | D:3      | Reached skill level 1 in Short Blades
  2810 | D:3      | Reached skill level 5 in Conjurations
  2810 | D:3      | Reached XP level 5. HP: 31/39 MP: 2/10
  2884 | D:3      | Reached XP level 6. HP: 38/46 MP: 8/11
  2941 | D:3      | Found a glowing drain.
  2959 | Sewer    | Entered a sewer
  3199 | Sewer    | Reached skill level 1 in Fighting
  3547 | Sewer    | Found a white marble altar of Elyvilon.
  4800 | D:4      | Your scales start taking on a dull iron-grey colour.
  4800 | D:4      | Reached XP level 7. HP: 45/52 MP: 7/13
  4966 | D:4      | Found a sacrificial altar of Ru.
  5555 | D:4      | Learned a level 4 spell: Iskenderun's Mystic Blast
  5557 | D:4      | Learned a level 1 spell: Slow
  5593 | D:5      | Entered Level 5 of the Dungeon
  5967 | D:5      | Reached skill level 6 in Conjurations
  5968 | D:5      | Reached XP level 8. HP: 25/62 MP: 4/15
  6526 | D:6      | Found a sparkling altar of Nemelex Xobeh.
  6533 | D:6      | Reached skill level 5 in Spellcasting
  6533 | D:6      | Found a basalt altar of Yredelemnul.
  6535 | D:6      | Found an opulent altar of Gozag.
  6537 | D:6      | Found a shimmering blue altar of Sif Muna.
  6537 | D:6      | Found a hazy altar of Hepliaklqana.
  6541 | D:6      | Became a worshipper of Nemelex Xobeh the Trickster
  7030 | D:6      | Noticed Sigmund
  7048 | D:6      | Killed Sigmund
  7317 | D:7      | HP: 2/63 [orc warrior/+0 glaive (8)]
  7363 | D:7      | Shot with an arrow by a centaur

Illustrated notes

Levels and vault maps discovered:
D:1:      minmay_arrival_plants_in_alcoves, layout_basic, minmay_lizard_pond
D:2:      layout_basic, shapermc_ecumenical_altar_venn, kennysheep_potato
D:3:      layout_basic, lightli_sewer_entry_pipes, serial_shops,
          nicolae_shop_hallway_plus, chequers_serial_rivers_micro_d,
          minivault_25, uniq_grinder
D:4:      layout_loops_corners, mainiacjoe_overflow_chevrons
D:5:      layout_rooms, nrook_mini_vaults
D:6:      layout_basic, grunt_temple_overflow_open, serial_corexii_hall,
          corexii_hall_statues_i, chequers_hall_statues_wall_a, uniq_sigmund
D:7:      layout_loops_ring, vehumet_altar_wand_db, minmay_temple_entry_tees,
          serial_bayou_pond_e, dk_vineyard_1

Skill      XL: |  1  2  3  4  5  6  7  8 |
---------------+-------------------------+-----
Stealth        | 2 3 4 |  4.2
Dodging        | 2 3 4 |  4.4
Short Blades   | 1 2 3 |  3.8
Spellcasting   | 3 4 5 |  5.6
Conjurations   | 5 6 |  6.7
Fighting       | 1 2 3 |  3.3

Action                   |  1- 3 |  4- 6 |  7- 9 || total
-------------------------+-------+-------+-------++-------
Melee: Dagger            |    24 |       |       ||    24
       Punch             |     1 |       |       ||     1
       Tailslap          |     2 |     5 |       ||     7
       Short sword       |     3 |    60 |    39 ||   102
 Cast: Magic Dart        |    83 |    18 |    33 ||   134
       Searing Ray       |     2 |    20 |    23 ||    45
  Use: Scroll            |     1 |     9 |     4 ||    14
       Potion            |       |     2 |     3 ||     5
Armor: Skin              |    17 |    33 |    57 ||   107
Dodge: Dodged            |    27 |    43 |    44 ||   114

Table legend: (Time is in decaauts)
 A = Elapsed time spent in this place.
 B = Non-inter-level travel time spent in this place.
 C = Inter-level travel time spent in this place.
 D = Time resting spent in this place.
 E = Time spent auto-exploring this place.
 F = Levels seen in this place.
 G = Mean time per level.
                   A        B        C        D        E       F      G
               +--------+--------+--------+--------+--------+-----+--------+
         Total |   7438 |   7288 |    150 |    107 |   5808 |   8 |  929.8 |
       Dungeon |   6763 |   6613 |    150 |    107 |   5226 |   7 |  966.1 |
         Sewer |    675 |    675 |      0 |      0 |    581 |   1 |  675.0 |
               +--------+--------+--------+--------+--------+-----+--------+

Top non-repeatable levels by time:
     D:1: 1921 daAuts
     D:4: 1341 daAuts
     D:3: 1063 daAuts
     D:6: 918 daAuts
     D:5: 716 daAuts
   Sewer: 675 daAuts
     D:2: 668 daAuts
     D:7: 133 daAuts
